 Dungeon Crawl Stone Soup version 0.30-a0-879-ga8ba668304 (webtiles) character file.

Game seed: 9433282548132473000

9 Iich the Trooper (level 2, 24/24 HPs)
             Began as a Demonspawn Fighter on Mar 12, 2023.
             Got out of the dungeon alive.
             The game lasted 00:01:08 (112 turns).

Iich the Trooper (Demonspawn Fighter)                Turns: 112, Time: 00:01:08

Health: 24/24      AC:  6    Str: 16    XL:     2   Next: 3%
Magic:  2/2        EV:  8    Int:  9    God:
Gold:   15         SH:  4    Dex: 12    Spells: 1/1 levels left

rFire   . . .      SeeInvis .    a - +0 war axe
rCold   . . .      Faith    .    c - +0 buckler
rNeg    . . .      Spirit   .    b - +0 scale mail
rPois   .          Reflect  .    (no helmet)
rElec   .          Rampage  .    (no cloak)
rCorr   .                        (no gloves)
Will    .....                    (no boots) Stlth
                                 (no amulet)
HPRegen 0.24/turn                (no ring)
MPRegen 0.08/turn                (no ring)

@: no status effects
A: demonic magic 1
a: no special abilities


You escaped.
You visited 1 branch of the dungeon, and saw 1 of its levels.

You collected 15 gold pieces.

Inventory:

Hand Weapons
 a - a +0 war axe (weapon)
Armour
 b - a +0 scale mail (worn)
 c - a +0 buckler (worn)
Potions
 d - a potion of might


   Skills:
 + Level 3.2 Fighting
 * Level 2.3 Axes
 - Level 2.6 Armour
 - Level 2.6 Shields


You had one spell level left.
You didn't know any spells.
Your spell library was empty.

Dungeon Overview and Level Annotations

Branches:
Dungeon (1/15)

Altars:


Innate Abilities, Weirdness & Mutations

Spells you cast may paralyse adjacent enemies.


Message History

You closely miss the giant cockroach.
The giant cockroach is almost dead.
The giant cockroach barely misses you.
The giant cockroach bites you but does no damage.
You hit the giant cockroach.
You kill the giant cockroach!
You see here a giant cockroach corpse.
HP restored.
You now have 15 gold pieces.
A bat comes into view.
A bat is nearby!
The bat hits you but does no damage.
You slash the bat!
You kill the bat!
No target in view!
No target in view!
You see here a bat corpse.
A quokka comes into view.
A quokka is nearby!
You closely miss the quokka. The quokka closely misses you.
You block the quokka's attack.
You slash the quokka!
You kill the quokka!
No target in view!
No target in view!
Found 6 stones.
An endoplasm comes into view.
The endoplasm quivers.
An endoplasm is nearby!
Found a stone staircase leading down.
The endoplasm closely misses you.
You slash the endoplasm!
You kill the endoplasm!
You have reached level 2!
Your demonic ancestry asserts itself...
A menacing aura infuses your magic.
Unknown command.
There is a staircase leading out of the dungeon here.
Are you sure you want to leave the Dungeon?
This will make you lose the game!
You have escaped!

#.#.P.....♣P #
..♣...PP...♣♣# .#
#P.......P♣..♣#.#
P......P.....♣.(#
.....P...P.P..♣.#
..P.............#
.♣..P.....P.♣...#
.......@....♣...######
.♣♣.P.....P..).......#
♣............†.......#
...♣.P...P...........#
..♣P...P......P......#
#........♣PP.........#
......P..............#
......♣.......#......#
......######.##......#


There were no monsters in sight!

Vanquished Creatures
  2 endoplasms (D:1)
  A giant cockroach (D:1)
  A hobgoblin (D:1)
  A kobold (D:1)
  A quokka (D:1)
  A bat (D:1)
7 creatures vanquished.

Notes
Turn   | Place    | Note
-------+----------+-------------------------------------------
     0 | D:1      | Iich the Demonspawn Fighter began the quest for the Orb.
     0 | D:1      | Reached XP level 1. HP: 18/18 MP: 1/1
    93 | D:1      | Gained mutation: Spells you cast may paralyse adjacent
                  | enemies. [demonic ancestry]
    93 | D:1      | Reached XP level 2. HP: 24/24 MP: 2/2
   112 | D:$      | Got out of the dungeon alive.

Illustrated notes

Levels and vault maps discovered:
D:1:      wander_arrival_fairy_ring, layout_basic

Skill      XL: |  1 |
---------------+----+-----
Axes           | 2 |  2.3
Fighting       | |  3.2
Armour         | |  2.6
Shields        | |  2.6

Action                     || total
---------------------------++-------
  Melee: War axe           ||    11
 Armour: Scale mail        ||     2
  Dodge: Dodged            ||     7
  Block: Buckler           ||     3

Table legend: (Time is in decaauts)
 A = Elapsed time spent in this place.
 B = Non-inter-level travel time spent in this place.
 C = Inter-level travel time spent in this place.
 D = Time resting spent in this place.
 E = Time spent auto-exploring this place.
 F = Levels seen in this place.
 G = Mean time per level.
                   A        B        C        D        E       F      G
               +--------+--------+--------+--------+--------+-----+--------+
         Total |    117 |     99 |     18 |      0 |     65 |   1 |  117.0 |
       Dungeon |    117 |     99 |     18 |      0 |     65 |   1 |  117.0 |
               +--------+--------+--------+--------+--------+-----+--------+

Top non-repeatable levels by time:
     D:1: 117 daAuts
